 Dungeon Crawl Stone Soup version 0.31.0 (webtiles) character file.

Game seed: 6107425610510699408

1795 MacCMillion the Caller (level 8, 39/39 HPs)
             Began as a Felid Summoner on Jan 19, 2024.
             Quit the game on level 5 of the Dungeon.
             The game lasted 00:39:55 (7598 turns).

MacCMillion the Caller (Felid Summoner)             Turns: 7598, Time: 00:39:56

Health: 39/39      AC:  2    Str:  4    XL:     8   Next: 83%
Magic:  18/18      EV: 29    Int: 21    God:
Gold:   260        SH:  0    Dex: 17    Spells: 7/19 levels left
                                        Lives:  1   Deaths: 1

rFire   . . .        (weapon unavailable)
rCold   . . .        (shield unavailable)
rNeg    . . .        (body armour unavailable)
rPois   .            (helmet unavailable)
rElec   .            (cloak unavailable)
rCorr   .            (gloves unavailable)
SInv    +            (boots unavailable)
Will    +....        (no amulet)
Stlth   ++           g - +5 ring of evasion
HPRegen 0.26/turn    k - +5 ring of evasion
MPRegen 0.16/turn

%: no passive effects
@: no status effects
A: very small, claws 1, fangs 3, see invisible, shaggy fur 2, stealthy paws, no
weapons or thrown items, no armour, multi-lived
a: no special abilities


You were on level 5 of the Dungeon.
You visited 1 branch of the dungeon, and saw 6 of its levels.
You also visited: Sewer.

You collected 260 gold pieces.

Inventory:

Jewellery
 g - a +5 ring of evasion (left paw)
 k - a +5 ring of evasion (right paw)
 n - a ring of protection from cold
Wands
 t - a wand of roots (5)
Scrolls
 b - 2 scrolls of poison
 c - 2 scrolls of identify
 d - 3 scrolls of amnesia {unknown}
 f - 2 scrolls of teleportation {unknown}
 i - a scroll of butterflies {unknown}
 q - 2 scrolls of brand weapon {unknown}
 r - a scroll of blinking
 s - a scroll of torment {unknown}
Potions
 a - a potion of magic
 e - a potion of enlightenment
 h - 4 potions of curing
 j - a potion of heal wounds {unknown}
 l - a potion of attraction {unknown}
 m - a potion of ambrosia {unknown}
 o - a potion of haste {unknown}
 p - a potion of might {unknown}


   Skills:
 + Level 2.9 Fighting
 + Level 5.0 Dodging
 - Level 2.6 Stealth
 + Level 6.0 Spellcasting
 + Level 7.4 Summonings
 + Level 3.9 Fire Magic
 + Level 2.8 Air Magic


You had 7 spell levels left.
You knew the following spells:

 Your Spells              Type           Power      Damage    Failure   Level
a - Summon Small Mammal   Summ           100%       N/A       1%          1
b - Call Canine Familiar  Summ           37%        N/A       1%          3
c - Summon Blazeheart Go  Fire/Summ      30%        N/A       10%         4
d - Summon Lightning Spi  Summ/Air       27%        N/A       12%         4

Your spell library contained the following spells:

 Spells                   Type           Power      Damage    Failure   Level
 Call Imp                 Summ           74%        N/A       1%          2
 Shock                    Conj/Air       48%        1d6       5%          1
 Swiftness                Air            18%        N/A       10%         3
 Airstrike                Air            9%         2d(2-18)  30%         4


Dungeon Overview and Level Annotations

Branches:
Dungeon (6/15)              Sewer (visited)
 Temple: D:4-7

Altars:
Dithmenos
Ru
The Shining One

Shops:
D:6 =[(

Annotations:
D:3 3 runed translucent doors, oprist, Kallu's ghost, amateur BaIE; Valeaz's ghost, amateur GnAE; bimbombam's ghost, amateur TrGl; mrks's ghost, amateur AtFi
D:5 opriest
D:6 Jeremiah


Innate Abilities, Weirdness & Mutations

You have sharp claws.
You have razor-sharp teeth.
You have supernaturally acute eyesight. (SInv)
You are covered in thick fur. (AC +2)
Your paws help you pounce on unaware monsters.
You are incapable of wielding weapons or throwing items.
You cannot wear armour.
You gain extra lives every three experience levels.


Message History

Your blazeheart golem is splashed with acid.
The acid corrodes your blazeheart golem!
The phantom closely misses your inugami.
Your inugami hits the jelly!
The jelly dies!
Your Dodging skill increases to level 5!
Jeremiah completely misses you. The phantom hits your inugami.
The phantom blinks!
Your inugami blinks!
Your blazeheart golem barely misses the butterfly.
Your blazeheart golem's core grows cold and it stops moving.
You scratch the butterfly.
You kill the butterfly!
The butterfly disappears in a burst of colours!
Jeremiah zaps a wand.
The roots erupt in riotous growth!
The grasping roots grab you!
Jeremiah is unaffected.
The butterfly is unaffected.
The grasping roots constrict you!
Unknown command.
You barely miss the butterfly. Jeremiah misses you.
The grasping roots constrict you.
Unknown command.
You barely miss the butterfly. Your bite misses the butterfly.
Jeremiah lets out a twisted cry.
Something smites you! The grasping roots constrict you!
* * * LOW HITPOINT WARNING * * *
Unknown command.
Okay, then.
You closely miss the butterfly. Jeremiah misses you.
The grasping roots constrict you!
You die...
The grasping roots release their grip on you.
You rejoin the land of the living...
Found Pipumeodia's Antique Armour Shop.
Found an escape hatch in the ceiling.
Found a stone staircase leading down.
Found a leather armour.
There is an escape hatch in the ceiling here.
A mysterious force pulls you upwards. The hatch slams shut behind you.
Level annotation: opriest Are you sure you want to abandon this character and quit the game? (Confirm with "yes".)

######.# #.#.#
.......# #.#.#
######## #.#.#
#.#.#
########.#.#
#........#.#
#####
#.########.#
....# #.#
######.# ###.#
#.# #...@..#
.##.# #.#
#.###### .##.#
#.# #.#
....#####.# #.#
..........# #.#
....####..# #.#
.##.####..###.#
(##.#.......#.#
###.†.......#.#


There were no monsters in sight!

Vanquished Creatures
  A howler monkey (D:5)
  A ball python (Sewer)
  An endoplasm (D:4)
  A hobgoblin (D:4)
  2 bats
6 creatures vanquished.

Vanquished Creatures (collateral kills)
  Sigmund (D:2)
  Edmund (D:5)
  A water moccasin (D:6)
  A sky beast (D:4)
  A black bear (D:5)
  2 bullfrogs (Sewer)
  3 scorpions
  5 hounds
  2 bombardier beetles
  4 jellies
  A gnoll bouda (D:6)
  5 iguanas
  An orc wizard (D:4)
  7 gnolls
  12 adders
  2 white imps (D:5)
  2 ufetubi (D:6)
  16 dart slugs
  A ribbon worm (D:2)
  13 orcs
  4 bats
  9 endoplasms
  17 giant cockroaches
  8 goblins
  10 hobgoblins
  14 jackals
  4 kobolds
  A quokka (D:2)
  8 ball pythons
  14 frilled lizards
  3 rats
173 creatures vanquished.

Vanquished Creatures (others)
  2 blazeheart cores (D:6)
2 creatures vanquished.

Grand Total: 181 creatures vanquished

Notes
Turn   | Place    | Note
-------+----------+-------------------------------------------
     0 | D:1      | MacCMillion the Felid Summoner began the quest for the Orb.
     0 | D:1      | Reached XP level 1. HP: 9/9 MP: 4/4
   267 | D:1      | Reached XP level 2. HP: 10/13 MP: 3/6
  1070 | D:1      | Reached XP level 3. HP: 16/16 MP: 8/8
  1731 | D:2      | Learned a level 3 spell: Call Canine Familiar
  1757 | D:2      | Noticed Sigmund
  1826 | D:2      | Killed Sigmund
  1827 | D:2      | Reached skill level 5 in Summonings
  1827 | D:2      | Reached XP level 4. HP: 11/21 MP: 7/11
  1827 | D:2      | Gained a life (2 lives remaining)
  1827 | D:2      | Reached XP level 5. HP: 12/24 MP: 7/12
  2283 | D:2      | Learned a level 4 spell: Summon Blazeheart Golem
  2993 | D:3      | Gained mutation: You are covered in thick fur. (AC +2)
                  | [Felid growth]
  2993 | D:3      | Reached XP level 6. HP: 28/28 MP: 7/13
  3081 | D:3      | Reached skill level 1 in Fire Magic
  3139 | D:3      | Found a runed translucent gate.
  3139 | D:3      | Found a runed translucent gate.
  3139 | D:3      | Found a runed translucent gate.
  3140 | D:3      | Noticed Valeaz's ghost (amateur GnAE)
  3141 | D:3      | Noticed bimbombam's ghost (amateur TrGl)
  3141 | D:3      | Noticed Kallu's ghost (amateur BaIE)
  3141 | D:3      | Noticed mrks's ghost (amateur AtFi)
  3344 | D:4      | Found a shadowy altar of Dithmenos.
  3353 | D:4      | Noticed a sky beast
  3437 | D:4      | Killed a sky beast
  3438 | D:4      | Reached skill level 6 in Summonings
  3852 | D:4      | Found a glowing golden altar of the Shining One.
  3857 | D:4      | Found a sacrificial altar of Ru.
  3959 | D:4      | Reached XP level 7. HP: 32/32 MP: 11/15
  4292 | D:4      | Found the +18 Lear's hauberk
  4594 | D:5      | Entered Level 5 of the Dungeon
  4749 | D:5      | Reached skill level 5 in Spellcasting
  4811 | D:5      | Learned a level 4 spell: Summon Lightning Spire
  4961 | D:5      | Found a glowing drain.
  4983 | Sewer    | Entered a sewer
  5302 | Sewer    | Reached skill level 1 in Air Magic
  5389 | Sewer    | Reached skill level 1 in Fighting
  5394 | Sewer    | Identified the +1 ring mail of Ziameh {+Blink Will+}
  5565 | D:5      | Noticed Edmund
  5826 | D:5      | Reached XP level 8. HP: 37/37 MP: 10/17
  6121 | D:5      | Identified the +2 leather armour "Duogoaq" {Rampage rC-
                  | Str+2 Dex+3}
  6686 | D:6      | Reached skill level 7 in Summonings
  6729 | D:6      | Found Ygoi's Jewellery Boutique.
  6744 | D:6      | Noticed Jeremiah
  7043 | D:5      | Killed Edmund
  7272 | D:6      | Found Teysh's Antique Weapon Shop.
  7586 | D:6      | Reached skill level 5 in Dodging
  7590 | D:6      | Constricted to death by Jeremiah
  7590 | D:6      | Lost a life (1 life remaining)
  7591 | D:6      | Found Pipumeodia's Antique Armour Shop.
  7598 | D:5      | Quit the game

Illustrated notes

Levels and vault maps discovered:
D:1:      psy_arrival_conway, layout_rooms
D:2:      layout_rooms, hex_tiny, uniq_sigmund
D:3:      layout_rooms, gammafunk_ghost_cemetery, roderic_roman_lattice
D:4:      layout_basic, general_overflow_altar, mainiacjoe_overflow_alcove_2,
          nicolae_dithmenos_shadow_blocks
D:5:      layout_loops_ring, gup_sewer_entry_glass, kennysheep_another_room,
          uniq_edmund
D:6:      layout_basic, serial_shops, nicolae_shop_pleasant_corner_grove,
          nicolae_shop_getting_attention, shop, shop, nicolae_shop_peninsula,
          uniq_jeremiah

Skill      XL: |  1  2  3  4  5  6  7  8 |
---------------+-------------------------+-----
Spellcasting   | 4 5 6 |  6.0
Summonings     | 5 6 7 |  7.4
Fire Magic     | 2 3 |  3.9
Air Magic      | 1 2 |  2.8
Dodging        | 3 5 |  5.0
Fighting       | 1 2 |  2.9
Stealth        | |  2.6

Action                     |  1- 3 |  4- 6 |  7- 9 || total
---------------------------+-------+-------+-------++-------
  Melee: Unarmed           |     4 |     6 |    25 ||    35
         Bite              |       |     1 |     3 ||     4
         Punch             |       |       |     2 ||     2
   Cast: Summon Small Mamm |    63 |    19 |    61 ||   143
         Call Canine Famil |     1 |    17 |    40 ||    58
         Summon Blazeheart |       |     2 |     7 ||     9
    Use: Scroll            |       |     3 |       ||     3
 Armour: Skin              |    15 |     4 |    24 ||    43
  Dodge: Dodged            |    55 |    38 |   144 ||   237
